 Dungeon Crawl Stone Soup version 0.30.0-19-g36f170ea60 (webtiles) character file.

Game seed: 1467034090001757206

771 Graphine the Ducker (level 7, -5/62 HPs)
             Began as a Merfolk Monk on May 28, 2023.
             Was a Believer of Makhleb.
             Slain by a two-headed ogre
             ... wielding a +0 giant spiked club
              (22 damage)
             ... on level 6 of the Dungeon.
             The game lasted 00:11:17 (4626 turns).

Graphine the Ducker (Merfolk Monk)                  Turns: 4626, Time: 00:11:18

Health: -5/62      AC:  7    Str: 11    XL:     7   Next: 83%
Magic:  9/9        EV: 20    Int:  9    God:    Makhleb [**....]
Gold:   266        SH:  0    Dex: 19    Spells: 6/6 levels left

rFire   . . .        i - +0 long sword
rCold   + . .        d - orb {light}
rNeg    + + .        b - +0 robe
rPois   .            o - +0 helmet
rElec   .            (no cloak)
rCorr   +            k - +1 pair of gloves
SInv    .            a - +2 pair of slick slippers {slick, slippery, EV+4}
Will    .....        (no amulet)
Stlth   +            j - ring "Icke Ton" {Fly rN++}
HPRegen 0.30/turn    h - ring of resist corrosion
MPRegen 0.11/turn

%: no passive effects
@: confused, ambrosia-drunk, flying, glowing
A: (nimble swimmer 2), mertail, cold resistance 1, robust 1
a: Renounce Religion, Minor Destruction


You were on level 6 of the Dungeon.
You worshipped Makhleb.
Makhleb was pleased with you.
You visited 2 branches of the dungeon, and saw 7 of its levels.

You collected 266 gold pieces.

Inventory:

Hand Weapons
 i - a +0 long sword (weapon)
Missiles
 f - a throwing net (quivered)
Armour
 a - the +2 pair of slick slippers (worn) {slick, slippery, EV+4}
   (You acquired it on level 2 of the Dungeon)

   Slick:     Its wearer cannot be constricted, engulfed, netted or webbed.
   Slippery:  Its wearer slips away from damaging melee attacks, pulling the
   attacker onward.
   EV:        It affects your evasion (+4).
 b - a +0 robe (worn)
 d - an orb of light (worn)
 k - a +1 pair of gloves (worn)
 o - a +0 helmet (worn)
Jewellery
 h - a ring of resist corrosion (right hand)
 j - the ring "Icke Ton" (left hand) {Fly rN++}
   (You found it on level 3 of the Dungeon)

   [ring of flight]

   rN:        It greatly protects you from negative energy.
   Fly:       It grants you flight.
Scrolls
 g - a scroll of poison
 p - a scroll of amnesia
 q - a scroll of vulnerability
Potions
 c - a potion of ambrosia
 e - 4 potions of brilliance
 l - 2 potions of magic
 m - 2 potions of flight {unknown}
 n - a potion of curing
 r - 2 potions of lignification {unknown}
 s - 2 potions of attraction {unknown}


   Skills:
 + Level 5.9 Fighting
 + Level 6.5 Long Blades
 + Level 7.1 Dodging
 + Level 3.0 Invocations


You had 6 spell levels left.
You didn't know any spells.
Your spell library contained the following spells:

 Spells                   Type           Power      Damage    Failure   Level
 Freeze                   Ice            0%         1d3       38%         1
 Blink                    Tloc           0%         N/A       52%         2
 Lesser Beckoning         Tloc           0%         N/A       52%         2
 Momentum Strike          Conj/Tloc      0%         3d8       52%         2
 Frozen Ramparts          Ice            0%         1d1       77%         3
 Hailstorm                Conj/Ice       0%         3d3       77%         3


Dungeon Overview and Level Annotations

Branches:
Dungeon (6/15)             Temple (1/1) D:4

Altars:
Fedhas
Hepliaklqana
Kikubaaqudgha
Makhleb
Okawaru
Qazlal
Ru
Sif Muna
Uskayaw
Vehumet
Wu Jian
Xom
The Shining One
Ignis

Annotations:
D:4 2 transporters, FishyPogo's ghost, novice HOSu


Innate Abilities, Weirdness & Mutations

((You are very nimble when in or above water. (Stealth+, EV+, Speed+++)))
Your lower body shifts to a powerful aquatic tail in water.
Your flesh is cold resistant. (rC+)
You are robust. (+10% HP)


Message History

Makhleb accepts your kill.
You feel better.
Your Invocations skill increases to level 3!
No target in view!
You see here a +0 falchion.
Found a robe.
Found a stone staircase leading up.
s - 2 sedimented brown potions A two-headed ogre comes into view.
It is wielding a +0 giant spiked club and a +0 giant club.
The two-headed ogre shouts in stereo!
The two-headed ogre hits you with a +0 giant spiked club!
You slip backwards!
You hit the two-headed ogre but do no damage.
You hit the two-headed ogre.
The two-headed ogre is lightly wounded.
The two-headed ogre closely misses you.
The two-headed ogre completely misses you.
You slash the two-headed ogre!
The two-headed ogre is moderately wounded.
The two-headed ogre closely misses you.
The two-headed ogre hits you with a +0 giant club!
You hit the two-headed ogre.
The two-headed ogre is moderately wounded.
You hit the two-headed ogre but do no damage.
The two-headed ogre is moderately wounded.
The two-headed ogre misses you. The two-headed ogre closely misses you.
You hit the two-headed ogre but do no damage.
The two-headed ogre is moderately wounded.
The two-headed ogre barely misses you.
The two-headed ogre completely misses you.
You slash the two-headed ogre!
The two-headed ogre is heavily wounded.
The two-headed ogre hits you with a +0 giant spiked club!!
* * * LOW HITPOINT WARNING * * *
You slip backwards!
You are confused.
You feel invigorated.
You bump into the rock wall.
The two-headed ogre hits you with a +0 giant spiked club!!
You die...

........#.#.#.######..
......#.....#.# ... .
.....##...#.#.# #...
#.....##..#.#.#.# ....
....<[...#.#.#.########
#....##.#.#.#.........
....# #.#.#...........
#.#.###.#.############
# #..@O.#......#
#####.....# +.....+
#.....# #####.# .# #


You could see a two-headed ogre.

Vanquished Creatures
  A phantom (D:6)
  Blork the orc (D:4)
  3 scorpions
  A hound (D:4)
  2 orc priests (D:4)
  Jessica (D:2)
  A gnoll bouda (D:4)
  2 iguanas
  An orc wizard (D:5)
  6 adders
  5 gnolls
  2 white imps
  7 worms
  3 dart slugs
  11 orcs
  8 bats
  5 endoplasms
  3 giant cockroaches
  5 goblins
  6 hobgoblins
  2 jackals (D:1)
  5 quokkas
  4 ball pythons
  4 frilled lizards
  5 kobolds
  4 rats
98 creatures vanquished.

Notes
Turn   | Place    | Note
-------+----------+-------------------------------------------
     0 | D:1      | Graphine the Merfolk Monk began the quest for the Orb.
     0 | D:1      | Reached XP level 1. HP: 18/18 MP: 1/1
    75 | D:1      | Reached XP level 2. HP: 13/24 MP: 2/2
   356 | D:1      | Reached XP level 3. HP: 30/30 MP: 3/3
  1090 | D:2      | Reached XP level 4. HP: 37/37 MP: 4/4
  1164 | D:2      | Noticed Jessica
  1167 | D:2      | Killed Jessica
  1168 | D:2      | Reached skill level 5 in Dodging
  1404 | D:2      | Identified a scroll of acquirement
  1404 | D:2      | Acquired the +2 pair of slick slippers {slick, slippery,
                  | EV+4}
  1404 | D:2      | Found the +2 pair of slick slippers {slick, slippery, EV+4}
  1581 | D:3      | Identified the ring "Icke Ton" {Fly rN++}
  1705 | D:3      | Reached XP level 5. HP: 40/43 MP: 5/5
  1800 | D:3      | Gained mutation: You are robust. (+10% HP) [potion of
                  | mutation]
  1800 | D:3      | Gained mutation: Your flesh is cold resistant. (rC+)
                  | [potion of mutation]
  1800 | D:3      | Lost mutation: You are robust. (+10% HP) [potion of
                  | mutation]
  1800 | D:3      | Gained mutation: You are robust. (+10% HP) [potion of
                  | mutation]
  1838 | D:3      | Reached skill level 5 in Long Blades
  2333 | D:4      | Noticed FishyPogo's ghost (novice HOSu)
  2336 | D:4      | Found a transporter.
  2588 | D:4      | Found a staircase to the Ecumenical Temple.
  2627 | Temple   | Entered the Ecumenical Temple
  2756 | Temple   | Became a worshipper of Makhleb the Destroyer
  2756 | Temple   | Reached * piety under Makhleb
  2756 | Temple   | Reached ** piety under Makhleb
  2787 | D:4      | Reached XP level 6. HP: 55/55 MP: 6/6
  2847 | D:4      | Reached skill level 5 in Fighting
  2847 | D:4      | Reached skill level 6 in Dodging
  2864 | D:4      | Reached skill level 1 in Invocations
  3092 | D:4      | Found a transporter.
  3170 | D:4      | Noticed Blork the orc
  3187 | D:4      | Killed Blork the orc
  3445 | D:4      | Reached XP level 7. HP: 53/61 MP: 8/8
  3707 | D:5      | Entered Level 5 of the Dungeon
  4171 | D:5      | Found a sacrificial altar of Ru.
  4506 | D:6      | Reached skill level 7 in Dodging
  4615 | D:6      | Noticed a two-headed ogre
  4626 | D:6      | Slain by a two-headed ogre

Illustrated notes

Levels and vault maps discovered:
D:1:      psy_arrival_conway, layout_basic
D:2:      minmay_wonky_spiral, layout_loops_cross, uniq_jessica
D:3:      layout_loops_ring, kennysheep_generic_room_16
D:4:      layout_loops_corners, minmay_temple_entry_antechambers,
          gammafunk_ghost_arena, dreamdust_wishing_well, uniq_blork_the_orc
D:5:      layout_cave_pools, nicolae_ru_great_annihilating_truth,
          dk_noncrumbling_3, eino_tiny_chamber
D:6:      layout_basic
Temple:   ebering_untended_altars

Skill      XL: |  1  2  3  4  5  6  7 |
---------------+----------------------+-----
Long Blades    | 4 5 6 |  6.5
Fighting       | 4 5 |  5.9
Dodging        | 5 6 7 |  7.1
Invocations    | 1 3 |  3.0

Action                     |  1- 3 |  4- 6 |  7- 9 || total
---------------------------+-------+-------+-------++-------
  Melee: Falchion          |    31 |       |       ||    31
         Long sword        |    59 |   144 |    94 ||   297
    Use: Scroll            |       |    10 |       ||    10
         Potion            |       |     3 |     2 ||     5
   Stab: Distracted        |     1 |       |       ||     1
 Armour: Robe              |    20 |    25 |     8 ||    53
  Dodge: Dodged            |    81 |   145 |    81 ||   307
